 Dungeon Crawl Stone Soup version 0.21-a0-426-g98080a9 (webtiles) character file.

494 TheDeThijs the Basher (level 6, -4/52 HPs)
             Began as a Minotaur Berserker on Nov 5, 2017.
             Was a Priest of Trog.
             Slain by an ogre
             ... wielding a +0 giant club
              (12 damage)
             ... on level 3 of the Dungeon.
             The game lasted 00:08:07 (2551 turns).

TheDeThijs the Basher (Minotaur Berserker)          Turns: 2551, Time: 00:08:07

Health: -4/52      AC:  6    Str: 21    XL:     6   Next: 92%
Magic:  5/5        EV: 13    Int:  4    God:    Trog [***...]
Gold:   162        SH:  0    Dex: 12    Spells: 5/5 levels left

rFire    . . .     SeeInvis .   a - +0 mace
rCold    . . .     Gourm    .   (no shield)
rNeg     . . .     Faith    .   u - +3 leather armour
rPois    .         Spirit   .   (helmet restricted)
rElec    .         Reflect  .   (no cloak)
rCorr    .         Harm     .   (no gloves)
MR       .....                  (no boots)
Stlth    +.........             (no amulet)
HPRegen  0.17/turn              (no ring)
MPRegen  0.09/turn              (no ring)

@: no status effects
A: retaliatory headbutt, horns 2
a: Berserk, Trog's Hand, Burn Spellbooks, Renounce Religion


You were on level 3 of the Dungeon.
You worshipped Trog.
Trog was most pleased with you.
You were not hungry.

You visited 1 branch of the dungeon, and saw 4 of its levels.

You collected 162 gold pieces.

Inventory:

Hand Weapons
 a - a +0 mace (weapon)
Armour
 b - a +0 animal skin
 e - a +0 ring mail
 u - a +3 leather armour (worn)
Jewellery
 v - an uncursed amulet of regeneration {unknown}
Scrolls
 d - 4 scrolls of identify
 i - a scroll of enchant armour {unknown}
 j - 2 scrolls of teleportation {unknown}
 k - 2 scrolls of magic mapping {unknown}
 m - 2 scrolls of noise {unknown}
 o - a scroll of remove curse {unknown}
 p - a scroll of enchant weapon {unknown}
 q - a scroll of amnesia {unknown}
 r - 2 scrolls of fog {unknown}
Potions
 h - a potion of mutation {unknown}
 l - a potion of lignification {unknown}
 n - a potion of heal wounds {unknown}
 s - a potion of agility
 t - a potion of might {unknown}
Comestibles
 c - 5 bread rations
 f - 3 royal jellies


   Skills:
 - Level 4.0 Fighting
 + Level 8.8 Maces & Flails
 - Level 3.0 Armour
 - Level 3.2 Dodging


You had 5 spell levels left.
You didn't know any spells.

Dungeon Overview and Level Annotations

Branches:
Dungeon (4/15)
 Temple: D:4-7

Altars:
Cheibriados
Okawaru
Trog


Innate Abilities, Weirdness & Mutations

You reflexively headbutt those who attack you in melee.
You have a pair of horns on your head.


Message History

You feel sick.
An orc comes into view. It is wielding a whip.
The ogre misses you. You furiously retaliate!
You headbutt the ogre.
You feel sick.
An orc wizard comes into view. It is wielding a dagger.
A centaur skeleton comes into view.
There is a stone staircase leading up here.
You feel sick. The centaur skeleton hits you.
The ogre hits you with a giant club!
* * * LOW HITPOINT WARNING * * *
The orc hits you with a whip.
* * * LOW HITPOINT WARNING * * *
The centaur skeleton hits you.
* * * LOW HITPOINT WARNING * * *
You climb upwards.
* * * LOW HITPOINT WARNING * * *
You feel sick.
There is a stone staircase leading down here.
You feel better. The ogre hits you with a giant club!
You die...

#.#...#.......#### ##.#.##
#.#..##.##.#### ##..#
#.#..##.##.###### ##.#
####.......##......##### #.#
.........####.####.#...###.#
###.............##...#.....#
.##......####.#.##.#...#.###
........## #.#O##.##.##.#
.##.##.### #...@o....##.#
....##...# ######.#####.#
.#######.# #.......# .# #.#
######### .# #.# ## #.# .#
#.# .# #.# .# #.#


You could see an ogre and an orc.

Vanquished Creatures
  Grinder (D:3)
  A phantom (D:3)
  A scorpion (D:4)
  A howler monkey (D:4)
  4 adders
  2 oozes
  A worm (D:2)
  A dart slug (D:1)
  A leopard gecko (D:1)
  6 orcs (D:3)
  6 giant cockroaches
  3 goblins
  8 hobgoblins
  7 jackals (D:4)
  5 kobolds
  A quokka (D:4)
  12 bats
  6 frilled lizards
  A jackal skeleton (D:4)
  13 rats
81 creatures vanquished.

Notes
Turn   | Place    | Note
-------+----------+-------------------------------------------
     0 | D:1      | TheDeThijs the Minotaur Berserker began the quest for the Orb.
     0 | D:1      | Reached XP level 1. HP: 19/19 MP: 0/0
    37 | D:1      | Reached skill level 4 in Maces & Flails
    37 | D:1      | Reached XP level 2. HP: 23/27 MP: 1/1
   262 | D:1      | Reached XP level 3. HP: 24/33 MP: 2/2
   667 | D:1      | Reached ** piety under Trog
   744 | D:2      | Found a bloodstained altar of Trog.
   861 | D:2      | Found a snail-covered altar of Cheibriados.
  1084 | D:2      | Reached skill level 5 in Maces & Flails
  1288 | D:3      | Noticed a phantom
  1298 | D:3      | Reached XP level 4. HP: 28/40 MP: 3/3
  1675 | D:3      | Killed a phantom
  1675 | D:3      | Reached skill level 6 in Maces & Flails
  1675 | D:3      | Reached XP level 5. HP: 28/46 MP: 4/4
  1942 | D:3      | Found an iron altar of Okawaru.
  2184 | D:3      | Noticed Grinder
  2234 | D:4      | Reached *** piety under Trog
  2262 | D:3      | Paralysed by Grinder for 7 turns
  2273 | D:3      | Killed Grinder
  2273 | D:3      | Reached skill level 8 in Maces & Flails
  2273 | D:3      | Reached XP level 6. HP: 42/52 MP: 5/5
  2550 | D:3      | HP: 2/52 [poisoned by a scorpion]
  2551 | D:3      | Slain by an ogre

Vault maps used:
D:1:      dpeg_arrival_tiny_i, minmay_split_cup_large
D:2:      lemuel_coloured_pillars_altar, marbit_many_paths, first_bread
D:3:      overflow_temple_1_default, uniq_grinder
D:4:      ashenzari_altar_1

Skill      XL: |  1  2  3  4  5 |
---------------+----------------+-----
Maces & Flails | 4 5 6 8 |  8.8
Fighting       | 4 |  4.0
Dodging        | 3 |  3.2
Armour         | 3 |  3.0

Action                   |  1- 3 |  4- 6 || total
-------------------------+-------+-------++-------
Melee: Mace              |    80 |    75 ||   155
       Headbutt          |    11 |    17 ||    28
Invok: Berserk           |       |     1 ||     1
  Use: Scroll            |       |     1 ||     1
       Potion            |       |     3 ||     3
 Stab: Sleeping          |     2 |       ||     2
  Eat: Chunk             |     1 |     3 ||     4
       Royal jelly       |       |     1 ||     1
Armor: Animal skin       |    27 |     2 ||    29
       Leather armour    |       |    16 ||    16
Dodge: Dodged            |    56 |    57 ||   113

Table legend:
 A = Spawn XP
 B = Non-spawn XP
 C = Spawn XP percentage of total XP
 D = Spawn monster count
 E = Non-spawn monster count
 F = Spawn count percentage of total count
 G = Total turns spent on level
                    A         B        C        D         E        F      G
               +---------+---------+-------+---------+---------+-------+---------
         Total |       0 |     707 |   0.0 |       0 |      81 |   0.0 |  2551
               +---------+---------+-------+---------+---------+-------+---------
           D:1 |       0 |      48 |   0.0 |       0 |      27 |   0.0 |   709
           D:2 |       0 |      46 |   0.0 |       0 |      20 |   0.0 |   933
           D:3 |       0 |     454 |   0.0 |       0 |      22 |   0.0 |   831
           D:4 |       0 |     159 |   0.0 |       0 |      12 |   0.0 |    78
               +---------+---------+-------+---------+---------+-------+---------
